 Dungeon Crawl Stone Soup version 0.30-a0-339-g89bb51ec76 (webtiles) character file.

Game seed: 18425598425979552814

119 jlumianski the Covered (level 4, -6/35 HPs)
             Began as a Demonspawn Fighter on Nov 1, 2022.
             Mangled by a gnoll
             ... wielding a +0 flail
              (7 damage)
             ... on level 6 of the Dungeon.
             The game lasted 00:07:03 (1252 turns).

jlumianski the Covered (Demonspawn Fighter)         Turns: 1252, Time: 00:07:05

Health: -6/35      AC:  6    Str: 15 (18) XL:     4   Next: 73%
Magic:  4/4        EV:  8    Int:  7 (9)  God:
Gold:   156        SH:  4    Dex: 10 (13) Spells: 3/3 levels left

rFire   . . .      SeeInvis .    a - +0 war axe
rCold   . . .      Faith    .    c - +0 buckler
rNeg    . . .      Spirit   .    b - +0 scale mail
rPois   .          Reflect  .    (helmet restricted)
rElec   .          Harm     .    (no cloak)
rCorr   .          Rampage  .    (no gloves)
Will    .....                    (no boots)
Stlth   ..........               (no amulet)
HPRegen 0.25/turn                (no ring)
MPRegen 0.09/turn                (no ring)

@: no status effects
A: antennae 1, demonic guardian 1
a: no special abilities


You were on level 6 of the Dungeon.
You visited 1 branch of the dungeon, and saw 5 of its levels.

You collected 156 gold pieces.

Inventory:

Hand Weapons
 a - a +0 war axe (weapon)
Missiles
 j - 2 poisoned darts (quivered)
Armour
 b - a +0 scale mail (worn)
 c - a +0 buckler (worn)
Jewellery
 q - an amulet of faith
Scrolls
 f - a scroll of identify {unknown}
 g - a scroll of amnesia {unknown}
 h - a scroll of enchant armour {unknown}
 m - a scroll of teleportation {unknown}
 o - 2 scrolls of enchant weapon {unknown}
 p - a scroll of vulnerability {unknown}
 r - a scroll of noise {unknown}
Potions
 e - a potion of lignification {unknown}
 i - a potion of degeneration
 k - a potion of heal wounds
 l - 2 potions of cancellation {unknown}
 n - a potion of ambrosia {unknown}


   Skills:
 + Level 3.4 Fighting
 + Level 3.0 Axes
 + Level 3.5 Armour
 + Level 0.5 Dodging
 + Level 0.1 Stealth
 + Level 3.1 Shields


You had 3 spell levels left.
You didn't know any spells.
Your spell library contained the following spells:

 Spells                   Type           Power      Damage    Failure   Level
 Summon Small Mammal      Summ           0%         N/A       93%         1
 Call Canine Familiar     Summ           0%         N/A       100%        3
 Gell's Gravitas          Tloc           0%         N/A       100%        3
 Lesser Beckoning         Tloc           0%         N/A       100%        3
 Summon Guardian Golem    Hex/Summ       0%         N/A       100%        3
 Teleport Other           Tloc           0%         N/A       100%        3
 Animate Dead             Necr           0%         N/A       100%        4
 Borgnjor's Vile Clutch   Necr/Erth      0%         N/A       100%        5
 Death Channel            Necr           0%         N/A       100%        6


Dungeon Overview and Level Annotations

Branches:
Dungeon (6/15)
 Temple: D:4-7

Altars:

Shops:
D:1 (   D:2 [(


Innate Abilities, Weirdness & Mutations

You have a pair of small antennae on your head.
A weak demonic guardian rushes to your aid.


Message History

The gnoll hits you with a +0 flail. The gnoll attacks as you move away!
The gnoll barely misses you. The gnoll attacks as you move away!
The gnoll hits you with a +0 flail.
There is a stone staircase leading down here.
The gnoll closely misses you. x2
You climb downwards.
You hear the sound of rushing water.
There is an entrance to a sewer on this level.
Hurry and find it before the portal rusts away!
You hear the slow rusting of a distant drain.
You block the centaur's attack. The centaur completely misses you.
The centaur barely misses you.
The centaur kicks you but does no damage.
There is a stone staircase leading up here.
You closely miss the gnoll. You hit the gnoll. You hit the centaur.
The centaur barely misses you. The centaur kicks you. The centaur hits you.
The centaur kicks you but does no damage.
The gnoll closely misses you. You block the gnoll's attack.
The centaur hits you.
The centaur kicks you but does no damage.
Unknown command.
You closely miss the gnoll. You hit the gnoll. You hit the centaur.
The centaur hits you but does no damage.
The centaur closely misses you. The gnoll barely misses you.
The gnoll hits you with a +0 flail! The centaur closely misses you. x2
Unknown command.
You completely miss the gnoll. You hit the centaur but do no damage.
You closely miss the gnoll.
The gnoll hits you but does no damage. x2
The centaur hits you but does no damage.
The centaur closely misses you. The gnoll hits you with a +0 flail!
A demonic guardian appears!
The gnoll hits you with a +0 flail!
* * * LOW HITPOINT WARNING * * *
The centaur barely misses you.
The centaur kicks you but does no damage.
You slash the gnoll!
The gnoll is severely wounded.
You hit the gnoll. You hit the centaur. The centaur closely misses you.
You block the centaur's attack. The gnoll hits you with a +0 flail.
* * * LOW HITPOINT WARNING * * *
The gnoll hits you with a +0 flail!
You die...

.... . (..#.⌠.#.
.## ... .....
.... #.# #.#.###
..###.#.......#
.# ...#.##.#....#
.# #....#......#
..#
#.c.g#......###.#
#@g...........##
##.............##
#5...(...<.....#
##.....(?.§....#
#.............#
#..(.....:....#
#..#..........#
##.##........##
.##........#


You could see a centaur, 2 gnolls and a friendly white imp (summoned).

Vanquished Creatures
  A phantom (D:6)
  An adder (D:5)
  4 bats
  2 endoplasms (D:1)
  A giant cockroach (D:1)
  2 goblins (D:1)
  4 hobgoblins (D:1)
  3 jackals (D:1)
  2 kobolds (D:1)
  4 quokkas
  2 ball pythons
  A rat (D:1)
27 creatures vanquished.

Vanquished Creatures (collateral kills)
  A quokka (D:1)
1 creature vanquished.

Grand Total: 28 creatures vanquished

Notes
Turn   | Place    | Note
-------+----------+-------------------------------------------
     0 | D:1      | jlumianski the Demonspawn Fighter began the quest for the
                  | Orb.
     0 | D:1      | Reached XP level 1. HP: 18/18 MP: 1/1
   289 | D:1      | Gained mutation: A weak demonic guardian rushes to your
                  | aid. [demonic ancestry]
   289 | D:1      | Reached XP level 2. HP: 21/24 MP: 2/2
   316 | D:1      | Found Puacoiff's Antique Weapon Emporium.
   684 | D:1      | Gained mutation: You have a pair of small antennae on your
                  | head. [demonic ancestry]
   684 | D:1      | Reached XP level 3. HP: 29/29 MP: 3/3
   799 | D:2      | Found Vareama's Armour Boutique.
  1009 | D:2      | Found Erul's Weapon Shoppe.
  1066 | D:3      | You fall into a shaft and drop 2 floors!
  1066 | D:5      | Entered Level 5 of the Dungeon
  1078 | D:5      | Noticed an ogre
  1093 | D:6      | Noticed a phantom
  1098 | D:6      | Noticed a centaur
  1103 | D:6      | Killed a phantom
  1104 | D:6      | Reached XP level 4. HP: 4/35 MP: 4/4
  1252 | D:6      | HP: 1/35 [gnoll/+0 flail (4)]
  1252 | D:6      | Mangled by a gnoll

Illustrated notes

Levels and vault maps discovered:
D:1:      minmay_arrival_cross, layout_basic, serial_shops, shop,
          corexii_item_surrounded_by_moat, hangedman_decor_diamond_cutter,
          hangedman_decor_points
D:2:      layout_basic, hellmonk_ecumenical_altar_blasted, serial_shops,
          nicolae_shop_statue_plus, nicolae_shop_hallway_stairs,
          nicolae_diamond_shop, shop_statue, shop
D:3:      layout_rooms
D:5:      layout_cave_pods
D:6:      layout_rooms, minmay_temple_entry_sparse_star, gup_sewer_entry_bowl,
          nicolae_shop_overcharged_wands, uniq_edmund

Skill      XL: |  1  2  3 |
---------------+----------+-----
Axes           | 2 3 |  3.0
Armour         | 3 |  3.5
Shields        | 3 |  3.1
Fighting       | |  3.4
Dodging        | |  0.5
Stealth        | |  0.1

Action                   |  1- 3 |  4- 6 || total
-------------------------+-------+-------++-------
Melee: War axe           |    83 |    13 ||    96
Throw: Dart              |       |     2 ||     2
  Use: Potion            |     1 |     2 ||     3
Armor: Scale mail        |    39 |    15 ||    54
Dodge: Dodged            |    34 |    19 ||    53
Block: Buckler           |    31 |     5 ||    36

Table legend: (Time is in decaauts)
 A = Elapsed time spent in this place.
 B = Non-inter-level travel time spent in this place.
 C = Inter-level travel time spent in this place.
 D = Time resting spent in this place.
 E = Time spent auto-exploring this place.
 F = Levels seen in this place.
 G = Mean time per level.
                   A        B        C        D        E       F      G
               +--------+--------+--------+--------+--------+-----+--------+
         Total |   1293 |   1270 |     23 |     80 |    502 |   5 |  258.6 |
       Dungeon |   1293 |   1270 |     23 |     80 |    502 |   5 |  258.6 |
               +--------+--------+--------+--------+--------+-----+--------+

Top non-repeatable levels by time:
     D:1: 866 daAuts
     D:5: 168 daAuts
     D:2: 138 daAuts
     D:3: 94 daAuts
     D:6: 24 daAuts
